 Dungeon Crawl Stone Soup version 0.23.0 (webtiles) character file.

Game seed: 13478806998866601280

8571 wolfsongas the Thaumaturge (level 11, -3/85 HPs)
             Began as a Gnoll Skald on Feb 15, 2019.
             Was a High Priest of Cheibriados.
             Slain by a cyclops (15 damage)
             ... on level 9 of the Dungeon.
             The game lasted 00:23:04 (7178 turns).

wolfsongas the Thaumaturge (Gnoll Skald)            Turns: 7178, Time: 00:23:05

Health: -3/85      AC: 17    Str: 26    XL:     11   Next: 33%
Magic:  0/23       EV: 13    Int: 28    God:    Cheibriados [*****.]
Gold:   1184       SH:  0    Dex: 26    Spells: 23/26 levels left

rFire    + + .     SeeInvis .   z - +7 war axe "Yfysoph" {vamp, Stlth+}
rCold    + . .     Gourm    .   (no shield)
rNeg     . . .     Faith    .   f - +0 plate armour
rPois    .         Spirit   +   j - +2 helmet
rElec    .         Reflect  .   e - scarf {rC+ rF+}
rCorr    .         Harm     .   (no gloves)
MR       .....     Rnd*Tele +   a - +0 pair of boots
Stlth    +.........             g - amulet of guardian spirit
HPRegen  0.24/turn              c - ring of wizardry
MPRegen  0.18/turn              r - ring of protection from fire

@: very slow
A: distributed training, fangs 1, teleportitis 1, MP-powered wands, strong nose
a: Bend Time, Temporal Distortion, Slouch, Step From Time, Renounce Religion


You were on level 9 of the Dungeon.
You worshipped Cheibriados.
Cheibriados was extremely pleased with you.
You were not hungry.

You visited 1 branch of the dungeon, and saw 9 of its levels.
You also visited: Bailey.

You collected 1184 gold pieces.

Inventory:

Hand Weapons
 l - a +0 battleaxe
 z - the +7 war axe "Yfysoph" (weapon) {vamp, Stlth+}
   (You found it on level 8 of the Dungeon)

   It inflicts no extra harm, but heals its wielder when it wounds a living foe.
   It makes you more stealthy.
Armour
 a - a +0 pair of boots (worn)
 e - a scarf of resistance (worn)
 f - a +0 plate armour (worn)
 j - a +2 helmet (worn)
Jewellery
 b - an uncursed ring of positive energy
 c - a ring of wizardry (left hand)
 g - an amulet of guardian spirit (around neck)
 o - an uncursed ring of protection from cold
 r - a ring of protection from fire (right hand)
 w - an uncursed ring of resist corrosion
Wands
 m - a wand of acid (13)
 q - a wand of enslavement (7)
 x - a wand of paralysis (11)
Scrolls
 i - a scroll of amnesia
 p - 6 scrolls of remove curse
 t - 3 scrolls of teleportation
 u - 2 scrolls of enchant weapon
 v - a scroll of fog
Potions
 h - a potion of resistance
 k - 2 potions of curing
 s - a potion of flight
Comestibles
 d - 15 rations


   Skills:
 + Level 7.7 Fighting
 + Level 6.1 Short Blades
 + Level 6.1 Long Blades
 + Level 6.1 Axes
 + Level 6.1 Maces & Flails
 + Level 7.7 Polearms
 + Level 6.1 Staves
 + Level 6.1 Slings
 + Level 6.1 Bows
 + Level 6.1 Crossbows
 + Level 6.1 Throwing
 + Level 6.6 Armour
 + Level 7.7 Dodging
 + Level 6.1 Stealth
 + Level 6.1 Shields
 + Level 6.1 Unarmed Combat
 + Level 8.0 Spellcasting
 + Level 5.0 Conjurations
 + Level 5.0 Hexes
 + Level 7.5 Charms
 + Level 5.0 Summonings
 + Level 5.0 Necromancy
 + Level 5.0 Translocations
 + Level 5.0 Transmutations
 + Level 5.0 Fire Magic
 + Level 5.0 Ice Magic
 + Level 5.0 Air Magic
 + Level 5.0 Earth Magic
 + Level 5.0 Poison Magic
 + Level 6.7 Invocations
 + Level 6.1 Evocations


You had 23 spell levels left.
You knew the following spells:

 Your Spells              Type           Power        Failure   Level  Hunger
a - Infusion              Chrm           ####         1%          1    None
b - Shroud of Golubria    Chrm/Tloc      #####.....   2%          2    None

Your spell library contained the following spells:

 Spells                   Type           Power        Failure   Level  Hunger
 Song of Slaying          Chrm           ######..     1%          2    None
 Magic Dart               Conj           ####         3%          1    None
 Corpse Rot               Necr           N/A          4%          2    None
 Searing Ray              Conj           #####.       4%          2    None
 Regeneration             Chrm/Necr      #####.....   5%          3    None
 Spectral Weapon          Hex/Chrm       #####...     5%          3    None
 Dazzling Spray           Conj/Hex       #####.       9%          3    None
 Stone Arrow              Conj/Erth      #####.       9%          3    None
 Force Lance              Conj/Tloc      #####...     28%         4    ##.....
 Fulminant Prism          Conj/Hex       #####.....   28%         4    ##.....
 Iskenderun's Mystic Bla  Conj           #####...     28%         4    ##.....
 Leda's Liquefaction      Hex/Erth       #####.....   28%         4    ##.....
 Summon Forest            Summ/Tloc      #####.....   58%         5    ####...
 Hydra Form               Tmut           #####.....   98%         6    ######.
 Summon Hydra             Summ           #####.....   100%        7    #######


Dungeon Overview and Level Annotations

Branches:
Dungeon (9/15)             Temple (0/1) D:4            Lair (0/6) D:9
    Orc: D:9-12

Altars:
Cheibriados
Elyvilon
Gozag
Kikubaaqudgha
Makhleb
Qazlal
Ru
Uskayaw
Wu Jian
Zin

Annotations:
D:5 2 transporters, DocClef's ghost, novice GnFi


Innate Abilities, Weirdness & Mutations

Your experience applies equally to all skills.
You have very sharp teeth.
Your uncanny sense of smell can sniff out nearby items.
You are occasionally teleported next to monsters.
You expend magic power (3 MP) to strengthen your wands.


Message History

Cheibriados appreciates the change of pace.
Your Spellcasting skill increases to level 8!
You feel somewhat more hungry.
The ice beast hits you but does no damage.
You hit the ice beast.
You feel better.
You kill the ice beast!
Cheibriados appreciates the change of pace.
The cyclops throws a large rock.
The large rock hits you!
An orc comes into view.
You hit the cyclops but do no damage.
The cyclops is lightly wounded.
The cyclops hits you but does no damage.
You hit the cyclops. You bite the cyclops, but do no damage.
The cyclops is moderately wounded.
The cyclops hits you!!
* * * LOW HITPOINT WARNING * * *
You hit the cyclops. You bite the cyclops, but do no damage.
The cyclops is heavily wounded.
The cyclops hits you!
You die...

#....................##..
#....................#...
#..........).........+...
#....................#...
#....................##..
#########+####........#..
......?.....#........#..
......C.....+........#..
.....[o@(...#........+..
#.....##.............###
#..). ############.....
.... #..... ... #..... ..
#..... # #..... ###...
#...


You could see a cyclops and an orc.

Vanquished Creatures
  A two-headed ogre (D:8)
  An orc knight (Bailey)
  A komodo dragon (D:9)
  A queen bee (D:8)
  A troll (D:9)
  6 yaks (D:8)
  Grum (D:8)
  2 wyverns
  2 hungry ghosts
  Edmund (D:4)
  A steam dragon (D:7)
  A water moccasin (D:7)
  A sky beast (D:8)
  7 orc warriors
  3 ice beasts
  5 ogres
  A phantom (D:4)
  3 wolves (D:8)
  5 bullfrogs
  A water moccasin zombie (D:6)
  A wyvern skeleton (D:7)
  2 scorpions
  24 killer bees
  4 crimson imps
  A bullfrog zombie (D:9)
  A jelly (D:6)
  2 bullfrog skeletons
  11 orc priests
  A centaur skeleton (D:6)
  3 hounds
  9 orc wizards
  2 iguanas
  8 worker ants
  A hound zombie (D:6)
  2 hound skeletons (D:6)
  A howler monkey skeleton (D:6)
  12 adders
  5 shadow imps
  2 oozes
  An adder zombie (D:6)
  4 adder skeletons
  7 worms
  3 dart slugs
  8 leopard geckos
  30 orcs
  7 giant cockroaches
  6 goblins
  13 hobgoblins
  6 jackals (D:7)
  3 quokkas
  2 ball pythons
  12 bats
  A frilled lizard (D:4)
  2 giant cockroach zombies (D:6)
  19 kobolds
  2 leopard gecko skeletons
  A leopard gecko zombie (D:6)
  A quokka zombie (D:6)
  10 rats
  3 plants (D:9)
278 creatures vanquished.

Vanquished Creatures (others)
  4 plants
4 creatures vanquished.

Grand Total: 282 creatures vanquished

Notes
Turn   | Place    | Note
-------+----------+-------------------------------------------
     0 | D:1      | wolfsongas the Gnoll Skald began the quest for the Orb.
     0 | D:1      | Reached XP level 1. HP: 20/20 MP: 6/6
   204 | D:1      | Reached XP level 2. HP: 24/26 MP: 7/7
   467 | D:1      | Reached XP level 3. HP: 31/31 MP: 9/9
   589 | D:2      | Reached skill level 5 in Spellcasting
   608 | D:2      | Found a snail-covered altar of Cheibriados.
   633 | D:2      | Became a worshipper of Cheibriados the Contemplative
   640 | D:2      | Reached skill level 1 in Invocations
   643 | D:2      | Found a burning altar of Makhleb.
   742 | D:2      | Reached skill level 1 in Short Blades
   742 | D:2      | Reached skill level 1 in Long Blades
   742 | D:2      | Reached skill level 1 in Axes
   742 | D:2      | Reached skill level 1 in Maces & Flails
   742 | D:2      | Reached skill level 1 in Staves
   742 | D:2      | Reached skill level 1 in Slings
   742 | D:2      | Reached skill level 1 in Bows
   742 | D:2      | Reached skill level 1 in Crossbows
   742 | D:2      | Reached skill level 1 in Throwing
   742 | D:2      | Reached skill level 1 in Stealth
   742 | D:2      | Reached skill level 1 in Shields
   742 | D:2      | Reached skill level 1 in Unarmed Combat
   742 | D:2      | Reached skill level 1 in Evocations
   755 | D:2      | Reached XP level 4. HP: 23/38 MP: 7/11
   998 | D:2      | Reached * piety under Cheibriados
  1008 | D:2      | Reached skill level 1 in Conjurations
  1008 | D:2      | Reached skill level 1 in Hexes
  1008 | D:2      | Reached skill level 1 in Summonings
  1008 | D:2      | Reached skill level 1 in Necromancy
  1008 | D:2      | Reached skill level 1 in Translocations
  1008 | D:2      | Reached skill level 1 in Transmutations
  1008 | D:2      | Reached skill level 1 in Fire Magic
  1008 | D:2      | Reached skill level 1 in Ice Magic
  1008 | D:2      | Reached skill level 1 in Air Magic
  1008 | D:2      | Reached skill level 1 in Earth Magic
  1008 | D:2      | Reached skill level 1 in Poison Magic
  1177 | D:2      | Reached XP level 5. HP: 30/43 MP: 10/12
  1467 | D:2      | Found a glowing silver altar of Zin.
  1809 | D:3      | Found an ancient bone altar of Kikubaaqudgha.
  1917 | D:3      | Reached ** piety under Cheibriados
  2047 | D:3      | Found a faded altar of an unknown god.
  2475 | D:3      | Found an opulent altar of Gozag.
  2561 | D:4      | Reached XP level 6. HP: 50/50 MP: 13/13
  2837 | D:4      | Reached skill level 5 in Fighting
  2837 | D:4      | Reached skill level 5 in Polearms
  2837 | D:4      | Reached skill level 5 in Dodging
  2894 | D:4      | Noticed a phantom
  2923 | D:4      | Killed a phantom
  2946 | D:4      | Reached XP level 7. HP: 55/56 MP: 15/15
  3154 | D:4      | Noticed Edmund
  3185 | D:4      | Killed Edmund
  3239 | D:4      | Found a staircase to the Ecumenical Temple.
  3331 | D:5      | Entered Level 5 of the Dungeon
  3354 | D:5      | Found an ornate altar of the Wu Jian Council.
  3355 | D:5      | Found a white marble altar of Elyvilon.
  3398 | D:5      | Found a sacrificial altar of Ru.
  3407 | D:5      | Reached *** piety under Cheibriados
  3459 | D:5      | Found a stormy altar of Qazlal.
  3559 | D:5      | Noticed DocClef's ghost (novice GnFi)
  3561 | D:5      | Found a transporter.
  3576 | D:5      | Found a transporter.
  3584 | D:5      | Found a hide-covered altar of Uskayaw.
  3584 | D:5      | Noticed a +0 hand axe
  3584 | D:5      | Noticed a +0 hand axe
  3724 | D:5      | Reached XP level 8. HP: 47/63 MP: 11/16
  3904 | D:5      | Gained mutation: You are occasionally teleported next to
                  | monsters. [potion of mutation]
  3904 | D:5      | Gained mutation: You expend magic power (3 MP) to
                  | strengthen your wands. [potion of mutation]
  4009 | D:6      | Noticed a wyvern
  4024 | D:6      | Killed a wyvern
  4024 | D:6      | Reached skill level 6 in Spellcasting
  4100 | D:6      | Reached **** piety under Cheibriados
  4223 | D:6      | Reached XP level 9. HP: 41/69 MP: 18/18
  4663 | D:6      | Reached ***** piety under Cheibriados
  5102 | D:7      | Reached skill level 5 in Armour
  5133 | D:7      | Reached skill level 5 in Invocations
  5385 | D:7      | Reached skill level 7 in Spellcasting
  5385 | D:7      | Reached XP level 10. HP: 70/77 MP: 17/20
  5392 | D:7      | Learned a level 2 spell: Shroud of Golubria
  5812 | D:8      | Noticed Grum
  5816 | D:8      | Reached skill level 5 in Short Blades
  5816 | D:8      | Reached skill level 5 in Long Blades
  5816 | D:8      | Reached skill level 5 in Axes
  5816 | D:8      | Reached skill level 5 in Maces & Flails
  5816 | D:8      | Reached skill level 5 in Staves
  5816 | D:8      | Reached skill level 5 in Slings
  5816 | D:8      | Reached skill level 5 in Bows
  5816 | D:8      | Reached skill level 5 in Crossbows
  5816 | D:8      | Reached skill level 5 in Throwing
  5816 | D:8      | Reached skill level 5 in Stealth
  5816 | D:8      | Reached skill level 5 in Shields
  5816 | D:8      | Reached skill level 5 in Unarmed Combat
  5816 | D:8      | Reached skill level 5 in Evocations
  5823 | D:8      | Killed Grum
  5842 | D:8      | Got a blackened war axe
  6124 | D:8      | Identified the +7 war axe "Yfysoph" {vamp, Stlth+} (You
                  | found it on level 8 of the Dungeon)
  6193 | D:8      | Found a flagged portal.
  6211 | Bailey   | Entered a bailey
  6261 | Bailey   | Noticed an orc knight
  6273 | Bailey   | Killed an orc knight
  6334 | Bailey   | Found a burning altar of Makhleb.
  6483 | D:8      | Noticed a two-headed ogre
  6492 | D:8      | Killed a two-headed ogre
  6492 | D:8      | Reached XP level 11. HP: 10/84 MP: 2/22
  6678 | D:8      | Got a dazzling leather armour
  6690 | D:8      | Identified the +3 leather armour "Nofajuew" {Str+2} (You
                  | found it on level 8 of the Dungeon)
  7038 | D:9      | Reached skill level 5 in Conjurations
  7038 | D:9      | Reached skill level 5 in Hexes
  7038 | D:9      | Reached skill level 5 in Summonings
  7038 | D:9      | Reached skill level 5 in Necromancy
  7038 | D:9      | Reached skill level 5 in Translocations
  7038 | D:9      | Reached skill level 5 in Transmutations
  7038 | D:9      | Reached skill level 5 in Fire Magic
  7038 | D:9      | Reached skill level 5 in Ice Magic
  7038 | D:9      | Reached skill level 5 in Air Magic
  7038 | D:9      | Reached skill level 5 in Earth Magic
  7038 | D:9      | Reached skill level 5 in Poison Magic
  7119 | D:9      | Found a staircase to the Lair.
  7170 | D:9      | Noticed a cyclops
  7173 | D:9      | Reached skill level 8 in Spellcasting
  7178 | D:9      | Slain by a cyclops

Skill      XL: |  1  2  3  4  5  6  7  8  9 10 11 |
---------------+----------------------------------+-----
Spellcasting   | 5 6 7 8 |  8.0
Invocations    | 1 2 3 4 5 6 |  6.7
Short Blades   | 1 2 3 4 5 6 |  6.1
Long Blades    | 1 2 3 4 5 6 |  6.1
Axes           | 1 2 3 4 5 6 |  6.1
Maces & Flails | 1 2 3 4 5 6 |  6.1
Staves         | 1 2 3 4 5 6 |  6.1
Slings         | 1 2 3 4 5 6 |  6.1
Bows           | 1 2 3 4 5 6 |  6.1
Crossbows      | 1 2 3 4 5 6 |  6.1
Throwing       | 1 2 3 4 5 6 |  6.1
Stealth        | 1 2 3 4 5 6 |  6.1
Shields        | 1 2 3 4 5 6 |  6.1
Unarmed Combat | 1 2 3 4 5 6 |  6.1
Evocations     | 1 2 3 4 5 6 |  6.1
Conjurations   | 1 2 3 4 5 |  5.0
Hexes          | 1 2 3 4 5 |  5.0
Summonings     | 1 2 3 4 5 |  5.0
Necromancy     | 1 2 3 4 5 |  5.0
Translocations | 1 2 3 4 5 |  5.0
Transmutations | 1 2 3 4 5 |  5.0
Fire Magic     | 1 2 3 4 5 |  5.0
Ice Magic      | 1 2 3 4 5 |  5.0
Air Magic      | 1 2 3 4 5 |  5.0
Earth Magic    | 1 2 3 4 5 |  5.0
Poison Magic   | 1 2 3 4 5 |  5.0
Armour         | 3 4 5 6 |  6.6
Fighting       | 5 6 7 |  7.7
Polearms       | 5 6 7 |  7.7
Dodging        | 5 6 7 |  7.7
Charms         | 6 7 |  7.5

Action                   |  1- 3 |  4- 6 |  7- 9 | 10-12 || total
-------------------------+-------+-------+-------+-------++-------
Melee: Spear             |   138 |   346 |    26 |       ||   510
       Bite              |     8 |    58 |    63 |    32 ||   161
       Punch             |       |     1 |       |     5 ||     6
       Dire flail        |       |       |   293 |    76 ||   369
       War axe           |       |       |       |   156 ||   156
 Cast: Infusion          |       |       |     1 |       ||     1
       Shroud of Golubri |       |       |       |     2 ||     2
Invok: Slouch            |       |       |     3 |     4 ||     7
  Use: Scroll            |     4 |    10 |     8 |     5 ||    27
       Potion            |       |     3 |     7 |     5 ||    15
 Stab: Invisible         |       |       |     9 |       ||     9
  Eat: Ration            |       |     2 |     2 |     2 ||     6
       Chunk             |       |       |       |     2 ||     2
Armor: Plate armour      |   115 |   192 |   231 |   192 ||   730
Dodge: Dodged            |    40 |   126 |   263 |   290 ||   719
